 Dungeon Crawl Stone Soup version 0.17.0-57-g0e89251 (webtiles) character file.

194 plasmid the Poker (level 5, -7/42 HPs)
             Began as a Demonspawn Berserker on Dec 7, 2015.
             Was a Believer of Trog.
             Killed by nerve-wracking pain
             ... invoked by Menkaure
              (13 damage)
             ... on level 4 of the Dungeon.
             The game lasted 00:27:25 (3256 turns).

plasmid the Poker (Demonspawn Berserker)            Turns: 3256, Time: 00:27:25

Health: -7/42      AC:  5    Str: 19    XL:     5   Next: 44%
Magic:  5/5        EV: 12    Int:  8    God:    Trog [**....]
Gold:   155        SH:  0    Dex: 12    Spells: 0 memorised, 4 levels left

rFire  . . .     SeeInvis .     a - +0 spear
rCold  + . .     Clarity  .     x - +1 leather armour
rNeg   . . .     SustAt   .     (no shield)
rPois  .         Gourm    .     (helmet restricted)
rElec  .         Spirit   .     (no cloak)
rCorr  .         Warding  .     p - +0 pair of gloves
rMut   .         Stasis   .     (no boots)
MR     .....                    d - amulet of faith
Stlth  +.........               s - ring of protection from cold
                                e - ring of invisibility

@: not resistant to hostile enchantments, very unstealthy
A: antennae 2, demonic guardian 1, spiny 1
a: Berserk, Trog's Hand, Burn Spellbooks, Renounce Religion, Evoke Invisibility


You were on level 4 of the Dungeon.
You worshipped Trog.
Trog was pleased with you.
You were not hungry.

You visited 1 branch of the dungeon, and saw 4 of its levels.

You collected 155 gold pieces.

Inventory:

Hand Weapons
 a - a +0 spear (weapon)
 g - a cursed -1 hunting sling
 i - a +0 whip
 o - a +0 short sword of protection
 B - a +0 mace
 D - a +0 spear
 R - a +0 great sword
Missiles
 h - 5 silver bolts
 q - 20 poisoned needles
 y - 3 tomahawks
 z - 12 sling bullets of flame (quivered)
 C - 4 stones
 I - 8 needles of frenzy
Armour
 b - a +0 animal skin
 p - a +0 pair of gloves (worn)
 r - a +0 ring mail
 x - a +1 leather armour (worn)
 E - a +0 ring mail
 H - a cursed +0 leather armour
 J - a +0 chain mail
 K - a +0 robe
Jewellery
 d - an amulet of faith (around neck)
 e - a ring of invisibility (left hand)
 s - a ring of protection from cold (right hand)
 G - a cursed ring of magical power
Wands
 F - a wand of confusion (20)
Scrolls
 l - a scroll of enchant armour
 m - 2 scrolls of blinking
 n - 2 scrolls of remove curse {unknown}
 v - 2 scrolls of enchant weapon {unknown}
 w - a scroll of fog {unknown}
 Q - a scroll of immolation {unknown}
Potions
 f - 2 potions of haste
 j - a potion of degeneration {unknown}
 k - a potion of flight {unknown}
 t - a potion of invisibility {unknown}
 A - 2 potions of agility {unknown}
 N - a potion of brilliance {unknown}
 O - a potion of lignification {unknown}
Comestibles
 c - 3 bread rations
 u - 2 meat rations
 L - a beef jerky
 M - a royal jelly
 P - 4 chunks of flesh


   Skills:
 - Level 4.0 Fighting
 + Level 4.7 Polearms
 - Level 2.0 Armour
 - Level 2.2 Dodging


You had 4 spell levels left.
You didn't know any spells.

Dungeon Overview and Level Annotations

Branches:
Dungeon (4/15)
 Temple: D:4-7

Altars:
Cheibriados

Annotations:
D:4 Menkaure


Innate Abilities, Weirdness & Mutations

You have a pair of antennae on your head.
A weak demonic guardian rushes to your aid.
You are partially covered in sharp spines.


Message History

z - 13 sling bullets of flame (gained 1) Tossing away (i - inventory. (,) - cycle):
z - 13 sling bullets of flame (quivered)
Press: ? - help, Shift-Dir - straight line, f/p - Menkaure
Aim: Menkaure (almost destroyed, confused)
You toss away a sling bullet of flame.
The sling bullet of flame hits Menkaure but does no damage.
Menkaure is almost destroyed.
Menkaure seems less confused.
Menkaure calls on the powers of darkness!
Your body is wracked with pain!
* * * LOW HITPOINT WARNING * * *
Evoke which item? (* to show all) (? for menu, Esc to quit)
Zapping:
F - a wand of confusion {zapped: 2} (will waste charges)
Press: ? - help, Shift-Dir - straight line, f/p - Menkaure
Aim: Menkaure (almost destroyed, chance to defeat MR: 46%) Menkaure resists with some effort.
Evoking this partially-identified wand wasted a few charges.
Menkaure casts a spell at you. Pain shoots through your body!
You die...

#.####### #...########
#.#########.###
#............#
#######.##...#.
####.........#.####
..........#..# ..M
..........#..#.#(#
..........#.##.#.#
..........#....#@#
.............#.#.#####
...............#.....#
.........#...#######.#
.........#.#.#### #.#
.........#.#...... #.#
.........#.######.##.##
##########.######.....##
#.............#


You could see Menkaure.

Vanquished Creatures
  Natasha (D:3)
  3 adders
  A giant gecko (D:1)
  2 orcs (D:3)
  8 bats
  3 goblins
  9 hobgoblins
  4 giant newts
  6 kobolds
  2 quokkas (D:3)
  5 rats
44 creatures vanquished.

Vanquished Creatures (collateral kills)
  Duvessa (D:4)
  Dowan (D:4)
  Natasha (D:3)
3 creatures vanquished.

Grand Total: 47 creatures vanquished

Notes
Turn   | Place    | Note
--------------------------------------------------------------
     0 | D:1      | plasmid the Demonspawn Berserker began the quest for the Orb.
     0 | D:1      | Reached XP level 1. HP: 18/18 MP: 1/1
   708 | D:1      | Gained mutation: A weak demonic guardian rushes to your aid. [demonic ancestry]
   708 | D:1      | Reached XP level 2. HP: 13/24 MP: 2/2
  1270 | D:2      | Found a faded altar to an unknown god.
  1387 | D:2      | Gained mutation: You have a pair of small antennae on your head. [demonic ancestry]
  1387 | D:2      | Reached XP level 3. HP: 19/29 MP: 3/3
  1639 | D:2      | Reached ** piety under Trog
  1639 | D:2      | Reached skill level 4 in Fighting
  2744 | D:3      | Noticed Natasha
  2749 | D:3      | Killed Natasha
  2749 | D:3      | Gained mutation: You are partially covered in sharp spines. [demonic ancestry]
  2749 | D:3      | Reached XP level 4. HP: 33/37 MP: 4/4
  2753 | D:3      | Noticed Natasha
  2759 | D:3      | Killed Natasha
  2856 | D:3      | Found a snail-covered altar of Cheibriados.
  3056 | D:4      | Noticed Duvessa
  3057 | D:4      | Noticed Dowan
  3065 | D:4      | Killed Duvessa
  3065 | D:4      | Gained mutation: You have a pair of antennae on your head. [demonic ancestry]
  3065 | D:4      | Reached XP level 5. HP: 38/42 MP: 5/5
  3073 | D:4      | Killed Dowan
  3236 | D:4      | Noticed Menkaure
  3256 | D:4      | Killed from afar by Menkaure

Action                   |  1- 3 |  4- 6 || total
-------------------------+-------+-------++-------
Melee: Spear             |   191 |    19 ||   210
Throw: Tomahawk          |       |     1 ||     1
Evoke: Wand              |       |     2 ||     2
  Use: Scroll            |     3 |     1 ||     4
       Potion            |     1 |       ||     1
 Stab: Sleeping          |     1 |       ||     1
       Distracted        |       |     1 ||     1
  Eat: Chunk             |     3 |       ||     3
       Bread ration      |     1 |       ||     1
